 Dungeon Crawl Stone Soup version 0.20.1-1-g8b1a95d (webtiles) character file.

144 Internecine the Bolt Thrower (level 5, -5/34 HPs)
             Began as an Octopode Arcane Marksman on Sept 27, 2017.
             Slain by a centaur (8 damage)
             ... on level 3 of the Dungeon.
             The game lasted 00:31:19 (2946 turns).

Internecine the Bolt Thrower (OpAM)                 Turns: 2946, Time: 00:31:20

Health: -5/34      AC:  1    Str: 10    XL:     5   Next: 27%
Magic:  6/6        EV:  9    Int: 15    God:
Gold:   123        SH:  9    Dex: 13    Spells: 3/6 levels left

rFire    . . .     SeeInvis .   l - +2 dagger (elec)
rCold    . . .     Gourm    .   D - +0 large shield
rNeg     . . .     Faith    .   (helmet restricted)
rPois    .         Spirit   .   (no amulet)
rElec    .         Reflect  .   (no ring)
rCorr    .         Harm     .   (no ring)
MR       .....                  (no ring)
Stlth    +++.......             (no ring)
Regen    0.2/turn               (no ring)
MPRegen  0.1/turn               (no ring)
                                (no ring)
                                (no ring)

@: very slightly contaminated, invisible
A: almost no armour, stealthy swim, amphibious, 8 rings, constrict 8, camouflage
1, gelatinous body 1
a: no special abilities


You were on level 3 of the Dungeon.
You were not hungry.

You visited 1 branch of the dungeon, and saw 3 of its levels.

You collected 123 gold pieces.

Inventory:

Hand Weapons
 a - a +0 hand crossbow
 g - a +0 short sword
 j - a +0 whip
 l - a +2 dagger of electrocution (weapon)
 m - a +0 club
 o - a +0 club
 r - a +0 whip
 w - a +0 dagger
 y - a +0 dagger
 A - a +0 hand axe
 C - a +0 dagger
 E - a +0 dagger
Missiles
 c - 21 bolts
 s - 39 stones (quivered)
 t - 58 arrows
 u - 32 poisoned needles
Armour
 D - a +0 large shield (worn)
Scrolls
 b - a scroll of random uselessness {unknown}
 h - 2 scrolls of identify
 i - 2 scrolls of amnesia {unknown}
 k - a scroll of noise {unknown}
 n - 3 scrolls of enchant weapon
 v - a scroll of remove curse {unknown}
 F - a scroll of teleportation {unknown}
Potions
 f - a potion of might {unknown}
 p - a potion of magic {unknown}
 q - a potion of flight {unknown}
 z - a potion of heal wounds {unknown}
Books
 e - a book of Debilitation

   Spells                             Type                      Level
   a - Corona                         Hexes                        1
   b - Slow                           Hexes                        2
   c - Inner Flame                    Hexes/Fire                   3
   d - Portal Projectile              Hexes/Translocation          3
   e - Cause Fear                     Hexes                        4
   f - Leda's Liquefaction            Hexes/Earth                  4
Comestibles
 d - 2 bread rations


   Skills:
 + Level 2.2 Fighting
 + Level 0.8 Short Blades
 + Level 3.6 Crossbows
 + Level 0.2 Throwing
 + Level 2.5 Dodging
 + Level 1.5 Stealth
 + Level 1.1 Spellcasting
 + Level 3.4 Hexes


You had 3 spell levels left.
You knew the following spells:

 Your Spells              Type           Power        Failure   Level  Hunger
a - Corona                Hex            ##.....      83%         1    ##.....
b - Slow                  Hex            ##......     92%         2    ###....


Dungeon Overview and Level Annotations

Branches:
Dungeon (3/15)

Altars:


Innate Abilities, Weirdness & Mutations

You cannot wear most types of armour.
You are very stealthy in the water. (Stealth+)
You are amphibious.
You can wear up to eight rings at the same time.
You can use your tentacles to constrict eight enemies at once.
Your skin changes colour to match your surroundings (Stealth+).
Your rubbery body absorbs attacks. (AC +1, EV +1)


Message History

The centaur hits you. You block the orc's attack.
You hit the centaur but do no damage.
The centaur is moderately wounded.
The centaur barely misses you. The centaur hits you.
You block the orc's attack.
You barely miss the centaur.
The centaur is moderately wounded.
The centaur hits you. You block the orc's attack. The centaur hits you.
* * * LOW HITPOINT WARNING * * *
You fade into invisibility!
You block the centaur's attack.
The orc hits you from afar with a trident!
* * * LOW HITPOINT WARNING * * *
You are very lightly contaminated with residual magic.
You block the centaur's attack.
A jackal comes into view.
You block the centaur's attack.
A jackal comes into view.
The centaur hits you!
You die...

<(.............
.....#.........#
...).#...........
#.##(............
..........#
#(o.......#
#<........###
#.(.........######
#....o....#@.....#
#.....#####c####hh#
#....o#####....#
#....oo(o.o....#
################


You could see a centaur, an orc (wandering) and 2 jackals.

Vanquished Creatures
  6 adders
  An ooze (D:1)
  5 dart slugs
  4 leopard geckos
  An orc (D:3)
  A ball python (D:3)
  2 giant cockroaches
  10 hobgoblins
  4 quokkas (D:2)
  4 bats
  6 frilled lizards
  12 goblins
  8 kobolds
  8 rats
72 creatures vanquished.

Notes
Turn   | Place    | Note
-------+----------+-------------------------------------------
     0 | D:1      | Internecine the Octopode Arcane Marksman began the quest for the Orb.
     0 | D:1      | Reached XP level 1. HP: 13/13 MP: 2/2
   162 | D:1      | Reached XP level 2. HP: 18/18 MP: 3/3
   647 | D:1      | Reached XP level 3. HP: 23/23 MP: 4/4
  1080 | D:2      | Reached XP level 4. HP: 28/28 MP: 5/5
  1949 | D:2      | Reached skill level 1 in Stealth
  2108 | D:3      | Noticed a centaur
  2395 | D:2      | Learned a level 2 spell: Slow
  2456 | D:2      | Reached XP level 5. HP: 34/34 MP: 6/6
  2946 | D:3      | Slain by a centaur

Skill      XL: |  1  2  3  4 |
---------------+-------------+-----
Crossbows      | 3 |  3.6
Fighting       | 2 |  2.2
Stealth        | 1 |  1.5
Short Blades   | |  0.8
Throwing       | |  0.2
Dodging        | |  2.5
Spellcasting   | |  1.1
Hexes          | |  3.4

Action                   |  1- 3 |  4- 6 || total
-------------------------+-------+-------++-------
Melee: Dagger            |    23 |    48 ||    71
       Constrict         |     6 |    12 ||    18
       Tentacles         |       |    13 ||    13
 Fire: Hand crossbow     |    55 |    37 ||    92
Throw: Stone             |    15 |    10 ||    25
 Cast: Corona            |     1 |       ||     1
  Use: Potion            |       |     3 ||     3
       Scroll            |       |     2 ||     2
 Stab: Sleeping          |     1 |     2 ||     3
  Eat: Chunk             |       |     6 ||     6
Armor: Skin              |     5 |     3 ||     8
Dodge: Dodged            |    22 |    31 ||    53
Block: Large shield      |       |    21 ||    21
